 Dungeon Crawl Stone Soup version 0.30-a0-852-g08b95dd62f (webtiles) character file.

Game seed: 7706552476703716370

391506 cheesebisquit the Slayer (level 23, -16/198 (231) HPs)
             Began as a Hill Orc Fighter on Mar 3, 2023.
             Was the Champion of Beogh.
             Demolished by a sun demon (18 damage)
             ... summoned by a mummy priest
             ... on level 3 of the Depths on Mar 4, 2023.
             The game lasted 04:43:11 (62356 turns).

cheesebisquit the Slayer (Hill Orc Fighter)        Turns: 62356, Time: 04:43:12

HP:   -16/198 (231) AC: 40    Str: 44    XL:     23   Next: 11%
MP:   46/46         EV: 14    Int: 12    God:    Beogh [******]
Gold: 1929          SH: 35    Dex: 12    Spells: 22/22 levels left

rFire   + . .      SeeInvis +    W - +4 broad axe (vamp)
rCold   . . .      Faith    .    w - +6 tower shield "Kaizeig" {MP+9 Stlth+}
rNeg    . . .      Spirit   .    a - +10 plate armour "Alieshra" {+Inv rCorr Stlth-}
rPois   .          Reflect  +    c - +2 hat of the Mind {rF+ Str+2}
rElec   +          Rampage  .    S - +2 cloak
rCorr   +                        x - +0 pair of gloves "Kahoaf" {Int+4 Dex+2 SInv}
Will    +....                    J - +2 pair of boots {Stlth+} Stlth
                                 X - amulet of reflection
HPRegen 0.53/turn                z - +6 ring of strength
MPRegen 0.30/turn                I - +6 ring of strength

@: studying Unarmed Combat, heavily drained
A: walk on water, large bone plates 1, electricity resistance
}: 2/15 runes: barnacled, gossamer
a: Renounce Religion, Evoke Invisibility, Smiting, Recall Orcish Followers, Give
Item to Named Follower, Resurrection


You were on level 3 of the Depths.
You worshipped Beogh.
Beogh was exalted by your worship.
You visited 8 branches of the dungeon, and saw 41 of its levels.
You visited the Abyss 2 times.
You also visited: Bailey.

You collected 6468 gold pieces.
You spent 4539 gold pieces at shops.

Inventory:

Hand Weapons
 W - a +4 vampiric broad axe (weapon)
Missiles
 b - 49 poisoned darts (quivered)
 e - 5 boomerangs of dispersal
 l - 7 curare-tipped darts
 y - 46 boomerangs
 E - 19 silver javelins
 K - a throwing net
 T - 11 silver boomerangs
 Y - 16 atropa-tipped darts
Armour
 a - the +10 plate armour "Alieshra" (worn) {+Inv rCorr Stlth-}
   (You found it on level 3 of the Elven Halls)

   +Inv:      It lets you turn invisible.
   rCorr:     It protects you from acid and corrosion.
   Stlth:     It makes you less stealthy.
 c - the +2 hat of the Mind (worn) {rF+ Str+2}
   (You found it on level 4 of the Spider Nest)

   Str:       It affects your strength (+2).
   rF:        It protects you from fire.
 w - the +6 tower shield "Kaizeig" (worn) {MP+9 Stlth+}
   (You took it off Louise on level 15 of the Dungeon)

   MP:        It affects your magic capacity (+9).
   Stlth:     It makes you more stealthy.
 x - the +0 pair of gloves "Kahoaf" (worn) {Int+4 Dex+2 SInv}
   (You found it on level 4 of the Spider Nest)

   Int:       It affects your intelligence (+4).
   Dex:       It affects your dexterity (+2).
   SInv:      It lets you see invisible.
 J - a +2 pair of boots of stealth (worn)
 Q - a +2 helmet of see invisible
 S - a +2 cloak (worn)
Jewellery
 s - an amulet of regeneration
 z - a +6 ring of strength (left hand)
 I - a +6 ring of strength (right hand)
 X - an amulet of reflection (around neck)
Wands
 g - a wand of mindburst (11)
 B - a wand of roots (57)
 C - a wand of polymorph (5)
 G - a wand of charming (33)
 L - a wand of flame (75)
 V - a wand of digging (12)
Scrolls
 d - 7 scrolls of poison
 f - 6 scrolls of immolation
 j - 8 scrolls of fog
 n - 9 scrolls of teleportation
 o - 5 scrolls of amnesia
 p - 6 scrolls of silence
 r - 9 scrolls of fear
 F - 7 scrolls of vulnerability
 M - 8 scrolls of magic mapping
 N - 6 scrolls of blinking
 P - 2 scrolls of butterflies
Potions
 h - 15 potions of curing
 i - 8 potions of ambrosia
 k - 5 potions of flight
 m - 5 potions of attraction
 q - 5 potions of resistance
 u - 6 potions of haste
 v - 6 potions of magic
 A - 5 potions of mutation
 D - 4 potions of brilliance
 H - 4 potions of might
 O - 3 potions of cancellation
 R - 3 potions of berserk rage
 U - 6 potions of invisibility


   Skills:
 * Level 24.3 Fighting
 - Level 18.0 Axes
 + Level 19.0 Armour
 + Level 14.7 Dodging
 + Level 19.1 Shields
 + Level 21.4 Invocations


You had 22 spell levels left.
You didn't know any spells.
Your spell library contained the following spells:

 Spells                   Type           Power      Damage    Failure   Level
 Apportation              Tloc           0%         N/A       91%         1
 Foxfire                  Conj/Fire      0%         2x1d4     91%         1
 Magic Dart               Conj           0%         1d3       91%         1
 Necrotise                Necr           0%         1d4       91%         1
 Sandblast                Erth           0%         2d4       91%         1
 Shock                    Conj/Air       0%         1d3       91%         1
 Slow                     Hex            0%         N/A       91%         1
 Sting                    Tmut/Pois      0%         1d3       91%         1
 Blink                    Tloc           0%         N/A       97%         2
 Call Imp                 Summ           0%         N/A       97%         2
 Ensorcelled Hibernation  Hex/Ice        0%         N/A       97%         2
 Lesser Beckoning         Tloc           0%         N/A       97%         2
 Momentum Strike          Conj/Tloc      0%         3d8       97%         2
 Passwall                 Tmut/Erth      0%         N/A       97%         2
 Poisonous Vapours        Pois/Air       0%         N/A       97%         2
 Scorch                   Fire           0%         2d5       97%         2
 Static Discharge         Conj/Air       0%         2-2/arc   97%         2
 Sublimation of Blood     Necr           0%         N/A       97%         2
 Wereblood                Tmut           0%         N/A       97%         2
 Confusing Touch          Hex            0%         N/A       100%        3
 Frozen Ramparts          Ice            0%         1d1       100%        3
 Gell's Gravitas          Tloc           0%         N/A       100%        3
 Inner Flame              Hex/Fire       0%         N/A       100%        3
 Mephitic Cloud           Conj/Pois/Air  0%         N/A       100%        3
 Ozocubu's Armour         Ice            0%         N/A       100%        3
 Swiftness                Air            0%         N/A       100%        3
 Teleport Other           Tloc           0%         N/A       100%        3
 Vampiric Draining        Necr           0%         2d6       100%        3
 Airstrike                Air            0%         2d(0-16)  100%        4
 Anguish                  Hex/Necr       0%         N/A       100%        4
 Animate Armour           Summ/Erth      0%         N/A       100%        4
 Animate Dead             Necr           0%         N/A       100%        4
 Fulminant Prism          Conj/Hex       0%         3d5       100%        4
 Ice Form                 Ice/Tmut       0%         N/A       100%        4
 Leda's Liquefaction      Hex/Erth       0%         N/A       100%        4
 Manifold Assault         Tloc           0%         N/A       100%        4
 Olgreb's Toxic Radiance  Pois           0%         N/A       100%        4
 Passage of Golubria      Tloc           0%         N/A       100%        4
 Sticky Flame             Conj/Fire      0%         2d3       100%        4
 Summon Ice Beast         Ice/Summ       0%         N/A       100%        4
 Summon Lightning Spire   Summ/Air       0%         N/A       100%        4
 Agony                    Necr           0%         N/A       100%        5
 Alistair's Intoxication  Tmut/Pois      0%         N/A       100%        5
 Blade Hands              Tmut           0%         N/A       100%        5
 Borgnjor's Vile Clutch   Necr/Erth      0%         N/A       100%        5
 Fireball                 Conj/Fire      0%         3d3       100%        5
 Freezing Cloud           Conj/Ice/Air   0%         6-21      100%        5
 Irradiate                Conj/Tmut      0%         3d11      100%        5
 Iskenderun's Battlesphe  Conj           0%         2d6       100%        5
 Lee's Rapid Deconstruct  Erth           0%         3d4*      100%        5
 Lightning Bolt           Conj/Air       0%         1d11      100%        5
 Silence                  Hex/Air        0%         N/A       100%        5
 Summon Forest            Summ/Tloc      0%         N/A       100%        5
 Conjure Ball Lightning   Conj/Air       0%         3x3d6     100%        6
 Death Channel            Necr           0%         N/A       100%        6
 Iron Shot                Conj/Erth      0%         9d1       100%        6
 Starburst                Conj/Fire      0%         6d3       100%        6
 Statue Form              Tmut/Erth      0%         N/A       100%        6
 Summon Cactus Giant      Summ           0%         N/A       100%        6
 Dragon Form              Tmut           0%         N/A       100%        7
 Enfeeble                 Hex            0%         N/A       100%        7
 Haunt                    Necr/Summ      0%         N/A       100%        7
 Orb of Destruction       Conj           0%         9d5       100%        7
 Ozocubu's Refrigeration  Ice            0%         4d7       100%        7
 Storm Form               Tmut/Air       0%         N/A       100%        7
 Summon Hydra             Summ           0%         N/A       100%        7
 Borgnjor's Revivificati  Necr           0%         N/A       100%        8
 Infestation              Necr           0%         N/A       100%        8
 Lehudib's Crystal Spear  Conj/Erth      0%         10d2      100%        8
 Maxwell's Capacitive Co  Air            0%         ∞         100%        8
 Necromutation            Tmut/Necr      0%         N/A       100%        8
 Chain Lightning          Conj/Air       0%         N/A       100%        9
 Death's Door             Necr           0%         N/A       100%        9
 Shatter                  Erth           0%         3d5*      100%        9


Dungeon Overview and Level Annotations

Branches:
Dungeon (15/15)            Temple (0/1) D:7            Lair (5/5) D:10
 Shoals (4/4) Lair:3       Spider (4/4) Lair:3        Slime (0/5) Lair:4
    Orc (2/2) D:10            Elf (3/3) Orc:2        Vaults (4/5) D:13
  Crypt (0/3) Vaults:3     Depths (4/4) D:15         Bailey (visited)
    Zot: Depths:4

Altars:
Cheibriados
Dithmenos
Elyvilon
Fedhas
Hepliaklqana
Kikubaaqudgha
Makhleb
Nemelex Xobeh
Okawaru
Ru
Sif Muna
Trog
Uskayaw
Wu Jian
Xom
Yredelemnul
Beogh

Shops:
D:2 [   D:4 *   D:5 (([   D:9 !((   D:11 :=?*   D:14 !   D:15 *   Orc:1 !(*!
Orc:2 (=*[   Elf:1 [   Elf:2 (   Elf:3 :[   Vaults:1 :   Vaults:2 !(
Depths:1 :=:   Depths:3 ![*

Portals:
Hell: Depths:1 Depths:2 Depths:3 Depths:4
Abyss: Depths:3
Pandemonium: Depths:2
Ziggurat: Depths:2
Trove: D:10 (give +4 fire dragon scales)

Annotations:
D:2 1 runed translucent door, Crazy Yiuf
D:3 2 transporters
Lair:2 2 transporters


Innate Abilities, Weirdness & Mutations

You can walk on water.
You are partially covered in large bone plates. (SH +4)
You are resistant to electric shocks. (rElec)


Message History

The wraith hits you but does no damage.
You hit the mummy priest.
The mummy priest is severely damaged.
You hit the sun demon. You hit the ice devil.
You hit the soul eater but do no damage.
You hit the wraith but do no damage. You block the sun demon's attack.
Your orc priest hits the sun demon but does no damage.
You block the ice devil's attack. You block the soul eater's attack.
The vampire hits your orc knight!
Your orc knight dies!
The mummy priest hits you but does no damage.
You open the mummy priest like a pillowcase!!!
You destroy the mummy priest!
Beogh accepts your kill.
Beogh appreciates your killing of a heretic priest.
The wraith disappears in a puff of smoke!
The shadow disappears in a puff of smoke!
The vampire disappears in a puff of smoke! x3
The jiangshi disappears in a puff of smoke!
The golden dragon zombie disappears in a puff of smoke!
The shadow disappears in a puff of smoke!
Your orc priest looks more experienced.
You hit the soul eater but do no damage.
You closely miss the sun demon. You hit the ice devil but do no damage.
You feel extremely nervous for a moment...
Pain shoots through your body.
* * * LOW HITPOINT WARNING * * *
The sun demon hits you but does no damage.
Your orc priest barely misses the sun demon.
The soul eater draws from the surrounding life force!
You block the ice devil's attack. The spectral juggernaut hits you!!
* * * LOW HITPOINT WARNING * * *
The spectral juggernaut hits you!
* * * LOW HITPOINT WARNING * * *
You feel drained.
* * * LOW HITPOINT WARNING * * *
You block the mummy priest's attack. You block the ice devil's attack.
You block the soul eater's attack. The sun demon hits you!!
You die...

#..≈###≈§# #.# #..≈# #§.#
#.. #.### #### ### #.#
##### #.# #..)# #.#
#########'### #.#
#$....#§§§..# ##########
###
#.....#Z4Z..####...##8...
.#....)§M@3o^'.8#'######..
.'.....'Z3§).').......'..§
.#..$..)).§..')8#'######§.
#.....#.....####...# 8...
#$....#.....# ########..
#########'### #§. #.$ #.§
#### ###


You could see a mummy priest, a soul eater (summoned), a sun demon (summoned,
ally target), an ice devil (summoned), a spectral golden dragon, a spectral
glowing shapeshifter, a spectral juggernaut and a friendly orc priest (strong).

Vanquished Creatures
  A royal mummy (Depths:3)
  The ghost of Luiw the Slayer, a veteran HOBe of Trog (Vaults:1)
  2 golden dragons (Depths:4)
  A profane servitor (Abyss:2)
  3 bone dragons (Abyss:2)
  Jorgrun (Shoals:1)
  8 liches
  A titan (Depths:2)
  Frances (D:13)
  A deep elf master archer (Elf:3)
  A tentacled starspawn (Abyss:2)
  2 tengu reavers (Vaults:2)
  Donald (Elf:1)
  2 frost giants (Depths:2)
  7 fire giants
  4 vault wardens
  6 deep elf sorcerers
  An iron dragon (Depths:2)
  4 emperor scorpions
  A draconian scorcher (Depths:4)
  2 balrugs
  Louise (D:15)
  A spectral caustic shrike (Depths:3)
  4 ghost moths
  2 spriggan defenders (Depths:4)
  9 ironbound preservers
  15 very ugly things
  2 orc warlords
  2 ironbound thunderhulks (Vaults:4)
  8 stone giants
  3 broodmothers
  A vampire knight (Depths:4)
  A lorocyproca (Abyss:2)
  2 black draconians (Depths:4)
  5 deep elf annihilators
  2 deep elf demonologists
  A white draconian (Depths:4)
  2 purple draconians (Depths:4)
  5 dire elephants
  Nessos (D:12)
  A yellow draconian (Depths:4)
  2 crystal guardians (Depths:1)
  A green death (Abyss:2)
  5 spark wasps
  A deep elf death mage (Elf:3)
  4 merfolk javelineers
  2 mummy priests (Depths:3)
  4 ettins
  2 fire dragons
  A spectral golden dragon (Depths:3)
  A deep elf high priest (Elf:3)
  4 merfolk impalers
  5 yaktaur captains
  A spectral spriggan (Depths:3)
  A great orb of eyes (Abyss:2)
  An entropy weaver (Vaults:3)
  5 hydras
  2 rakshasas (Depths:3)
  Erolcha (D:13)
  3 boulder beetles
  4 vault guards
  7 ice dragons
  2 spriggan air magi
  A spectral sphinx (Depths:3)
  A jorogumo (Spider:4)
  3 centaur warriors
  A catoblepas (Lair:5)
  2 satyrs
  A merfolk avatar (Shoals:3)
  7 ironbound frosthearts
  A spectral tengu (Depths:3)
  3 two-headed ogres
  3 merfolk aquamancers (Shoals:4)
  A spectral fire giant (Depths:3)
  4 radroaches
  A spriggan skeleton (Abyss:2)
  A death knight (D:13)
  12 dancing weapons
  8 deep troll shamans
  A spectral frost giant (Depths:3)
  3 hell hogs (Abyss:2)
  4 death yaks (Lair:4)
  4 deep troll earth magi
  4 tengu warriors
  A sun demon (Depths:1)
  A spectral storm dragon (Depths:3)
  A hell knight (D:15)
  15 deep elf knights
  2 spriggan berserkers (Depths:3)
  3 thrashing horrors (Abyss:2)
  2 skysharks (Shoals:1)
  4 sea snakes
  2 sixfirhies (Abyss:2)
  3 pharaoh ants
  A spectral spark wasp (Depths:3)
  A spatial maelstrom (Abyss:2)
  44 deep trolls
  6 orb spiders
  2 skeletal warriors (Vaults:3)
  2 sun moths
  3 wretched stars (Abyss:2)
  8 iron trolls
  An obsidian statue (Depths:3)
  A glowing orange brain (Vaults:3)
  A swamp dragon (Lair:5)
  3 wizards
  8 ironbound convokers
  7 deep elf archers
  3 steelbarb worms
  3 lindwurms
  An orc knight (Bailey)
  2 phantasmal warriors (Depths:4)
  A necromancer (D:15)
  3 harpies
  22 deep elf pyromancers
  2 fauns (Shoals:3)
  16 deep elf zephyrmancers
  A cyclops (Shoals:2)
  7 manticores
  13 wolf spiders
  A moth of wrath (Spider:3)
  21 ugly things
  3 worldbinders (Abyss:2)
  3 merfolk sirens
  3 elephants (Lair:5)
  2 human skeletons (Vaults:3)
  4 smoke demons
  2 black mambas
  5 water nymphs
  3 demonic crawlers
  2 orange demons (Abyss:2)
  6 vault sentinels
  6 torpor snails
  A gargoyle (D:12)
  2 cane toads
  2 komodo dragons
  A freezing wraith (D:15)
  6 yaktaurs
  An unseen horror (D:12)
  A kobold demonologist (D:13)
  3 rime drakes
  An efreet (Abyss:2)
  An ice devil (Abyss:2)
  7 ancient zymes (Abyss:2)
  A yaktaur skeleton (Vaults:3)
  6 guardian mummies (Depths:3)
  8 meliai (Spider:4)
  3 trolls
  5 wind drakes
  19 merfolk
  2 tyrant leeches (Lair:5)
  A wind drake (shapeshifter) (Spider:4)
  7 hellwings (Abyss:2)
  5 hornets
  A polar bear (Lair:5)
  A raiju (Abyss:2)
  13 tarantellas
  25 blink frogs
  9 dream sheep
  6 snapping turtles
  15 jumping spiders
  17 slime creatures
  An air elemental (Elf:1)
  11 culicivoras
  A vampire (D:11)
  3 ynoxinuls (Abyss:2)
  A shadow (D:9)
  30 yaks
  An elf skeleton (Vaults:3)
  5 flying skulls (Abyss:2)
  5 water elementals
  3 fire elementals
  2 spriggans
  Grum (Lair:1)
  6 starcursed masses (Abyss:2)
  2 wraiths
  6 wyverns
  2 basilisks
  3 steam dragons
  8 vampire mosquitoes
  6 neqoxecs (Abyss:2)
  28 redbacks
  3 chaos spawn
  Menkaure (D:6)
  7 small abominations (Abyss:2)
  3 acid dragons
  2 wargs (Orc:1)
  4 water moccasins
  Duvessa (D:4)
  A hell hound (Abyss:2)
  4 large abominations (Abyss:2)
  An ice beast (D:8)
  2 swamp drakes
  6 orc warriors
  A sky beast (D:8)
  2 ogres
  A wolf (shapeshifter) (Elf:2)
  18 centaurs
  29 wolves
  2 kobold brigands
  4 bullfrogs
  3 scorpions
  2 earth elementals (Elf:1)
  2 gnoll sergeants
  9 wights (D:7)
  Dowan (D:5)
  5 killer bees
  3 electric eels
  2 jellies
  5 hounds
  2 quasits (Abyss:2)
  A gnoll bouda (D:5)
  4 orc priests
  3 iron imps (Abyss:2)
  3 iguanas
  A sleepcap (D:6)
  Ijyb (D:5)
  16 orc wizards
  12 gnolls
  4 adders
  A shadow imp (D:7)
  5 white imps
  4 ufetubi
  A worm (D:5)
  41 orcs
  3 endoplasms
  2 giant cockroaches (D:3)
  4 hobgoblins
  8 kobolds
  4 quokkas
  8 ball pythons
  10 bats
  3 frilled lizards (D:1)
  6 goblins
  7 rats
  2 lurking horrors (Abyss:2)
1076 creatures vanquished.

Vanquished Creatures (collateral kills)
  Mennas (Vaults:3)
  Zenata (Vaults:1)
  3 liches
  Mlioglotl (Shoals:1)
  3 deep elf blademasters
  A sphinx (Depths:3)
  2 tengu reavers
  Roxanne (Shoals:2)
  A storm dragon (Depths:2)
  3 fire giants
  2 frost giants (Depths:2)
  An orc warlord (Vaults:3)
  5 vault wardens
  6 deep elf sorcerers
  4 emperor scorpions (Spider:4)
  A spectral caustic shrike (Depths:3)
  A deep elf elementalist (Elf:3)
  8 ironbound preservers
  A draconian stormcaller (Depths:4)
  2 stone giants
  A reaper (Depths:3)
  7 very ugly things
  2 broodmothers
  A deep elf demonologist (Elf:3)
  2 ironbound thunderhulks
  A spectral titan (Depths:3)
  A white draconian (Depths:4)
  6 dire elephants
  A spark wasp (Spider:3)
  2 deep elf death magi (Elf:3)
  6 merfolk impalers (Shoals:4)
  2 crystal guardians (Depths:1)
  A spectral golden dragon (Depths:3)
  3 fire dragons
  A spectral spriggan (Depths:3)
  3 ettins
  A merfolk javelineer (Shoals:3)
  2 yaktaur captains
  An entropy weaver (Spider:2)
  3 great orbs of eyes
  A deep elf high priest (Elf:3)
  A hydra (Lair:2)
  A spectral tengu (Depths:3)
  5 vault guards
  2 merfolk avatars (Shoals:2)
  A spriggan air mage (Depths:2)
  2 alligator snapping turtles (Shoals:4)
  2 ice dragons (Depths:4)
  5 centaur warriors
  12 dancing weapons (Elf:2)
  7 boulder beetles
  A two-headed ogre (D:11)
  2 jorogumos (Spider:4)
  3 deep troll earth magi (Depths:1)
  3 ironbound frosthearts
  4 tengu warriors
  2 deep troll shamans (Depths:3)
  3 merfolk aquamancers (Shoals:4)
  An orc high priest (Orc:2)
  Sonja (D:12)
  2 skysharks
  A spriggan berserker (Depths:3)
  7 deep elf knights (Elf:2)
  6 skeletal warriors
  A storm dragon skeleton (Vaults:3)
  5 iron trolls
  7 sea snakes
  3 pharaoh ants
  A glowing orange brain (Depths:3)
  2 sun moths
  28 deep trolls
  2 orb spiders
  2 orc knights (Orc:2)
  3 deep elf archers
  2 steelbarb worms (Spider:2)
  4 lindwurms
  A wizard (Vaults:4)
  4 ironbound convokers
  13 deep elf pyromancers
  6 harpies
  16 deep elf zephyrmancers
  A wolf spider (Spider:4)
  2 orc sorcerers (Orc:2)
  6 manticores
  17 ugly things
  4 cyclopes
  4 fauns (Shoals:3)
  A fire giant skeleton (Vaults:3)
  7 merfolk sirens
  10 elephants
  A moth of wrath (Spider:3)
  A stone giant skeleton (Vaults:3)
  2 black mambas
  3 vault sentinels
  5 demonic crawlers
  Maurice (Orc:1)
  6 cane toads
  3 torpor snails (Lair:5)
  A gargoyle (D:14)
  A guardian serpent (shapeshifter) (Vaults:2)
  An elf skeleton (Vaults:3)
  An efreet (D:12)
  A komodo dragon (D:13)
  3 yaktaurs
  2 rime drakes
  2 freezing wraiths (D:13)
  A komodo dragon (shapeshifter) (Elf:2)
  3 guardian mummies (Depths:3)
  6 tengu conjurers
  2 trolls
  A polar bear (Lair:1)
  3 hornets (Lair:5)
  A wind drake (Shoals:4)
  16 merfolk
  A meliai (Spider:4)
  24 blink frogs
  2 tyrant leeches (Lair:5)
  14 tarantellas
  6 snapping turtles
  4 dream sheep
  15 jumping spiders
  A centaur simulacrum (D:13)
  A wraith (D:13)
  11 slime creatures
  A deep troll skeleton (Vaults:3)
  A wyvern (Lair:2)
  2 vampires
  7 culicivoras
  17 yaks
  9 water elementals
  13 redbacks
  A steam dragon (Lair:5)
  3 vampire mosquitoes
  3 wargs
  A naga (shapeshifter) (D:13)
  2 acid dragons
  5 water moccasins
  8 orc warriors
  An ogre (Orc:1)
  12 wolves
  2 centaurs
  6 bullfrogs
  3 human skeletons (Vaults:3)
  An earth elemental (Elf:2)
  An electric eel (Lair:3)
  2 orc priests
  4 orc wizards
  2 iguanas (Lair:5)
  5 orcs
  A kobold (D:11)
  A plant (Shoals:2)
582 creatures vanquished.

Vanquished Creatures (others)
  7 orc warlords
  9 orc knights
  An orc sorcerer (Vaults:1)
  A deep troll shaman (Depths:1)
  A deep elf knight (Elf:1)
  An orange crystal statue (Depths:1)
  A deep elf pyromancer (Elf:1)
  A wizard (Vaults:3)
  A rime drake (Lair:5)
  A tengu conjurer (Depths:4)
  21 orc warriors
  14 orc priests
  11 orc wizards
  27 orcs
  A ball python (D:3)
  23 fungi
  168 plants
  2 starspawn tentacles (Abyss:2)
291 creatures vanquished.

Grand Total: 1949 creatures vanquished

Notes
Turn   | Place    | Note
-------+----------+-------------------------------------------
     0 | D:1      | cheesebisquit the Hill Orc Fighter began the quest for the
                  | Orb.
     0 | D:1      | Reached XP level 1. HP: 19/19 MP: 1/1
   112 | D:1      | Reached XP level 2. HP: 27/27 MP: 2/2
   356 | D:1      | You fall into a shaft and drop 1 floor!
   356 | D:2      | Found Guodghes's Armour Boutique.
   674 | D:1      | Reached XP level 3. HP: 33/33 MP: 3/3
  1134 | D:2      | Reached skill level 4 in Fighting
  1273 | D:2      | Found a runed translucent door.
  1274 | D:2      | Noticed Crazy Yiuf
  1502 | D:2      | Reached XP level 4. HP: 40/40 MP: 4/4
  2176 | D:3      | Found a bloodstained altar of Trog.
  2492 | D:3      | Found a transporter.
  2631 | D:3      | Found a transporter.
  3219 | D:4      | Found an ornate altar of the Wu Jian Council.
  3323 | D:4      | Found Ilaixt Pocap's General Store.
  3355 | D:4      | Reached XP level 5. HP: 47/47 MP: 5/5
  3552 | D:5      | Entered Level 5 of the Dungeon
  3556 | D:5      | Noticed Dowan
  3558 | D:5      | Noticed Duvessa
  3605 | D:5      | Found Qaifyddo's Antique Weapon Emporium.
  3631 | D:4      | Reached skill level 5 in Axes
  3717 | D:5      | Killed Dowan
  3718 | D:5      | Reached XP level 6. HP: 53/53 MP: 6/6
  3767 | D:4      | Killed Duvessa
  3768 | D:4      | Reached skill level 5 in Fighting
  3857 | D:5      | Found a sacrificial altar of Ru.
  3901 | D:5      | Reached XP level 7. HP: 60/61 MP: 7/7
  3962 | D:5      | Noticed Ijyb
  3969 | D:5      | Killed Ijyb
  3976 | D:5      | Reached skill level 5 in Armour
  3976 | D:5      | Reached skill level 5 in Shields
  3989 | D:5      | Found Ulomaiwiup's Antique Armour Emporium.
  4007 | D:5      | Bought a fine helmet for 228 gold pieces
  4007 | D:5      | Identified the +1 helmet "Estro Rish" {Int+2} (You bought
                  | it in a shop on level 5 of the Dungeon)
  4055 | D:5      | Found Hohebeh's Antique Weapon Shop.
  4104 | D:4      | Bought a scroll of teleportation for 39 gold pieces
  4313 | D:5      | Found a blossoming altar of Fedhas.
  4482 | D:6      | Noticed Menkaure
  4495 | D:6      | Killed Menkaure
  4496 | D:6      | Reached XP level 8. HP: 53/70 MP: 8/8
  4694 | D:6      | Reached skill level 6 in Fighting
  4867 | D:6      | Became a worshipper of Beogh the Brigand
  5569 | D:7      | Reached skill level 1 in Invocations
  5700 | D:7      | Found a staircase to the Ecumenical Temple.
  5950 | D:7      | Found a hazy altar of Hepliaklqana.
  5967 | D:7      | Reached XP level 9. HP: 51/78 MP: 10/10
  5977 | D:7      | Reached skill level 7 in Fighting
  5989 | D:7      | Reached * piety under Beogh
  6059 | D:7      | Reached skill level 10 in Axes
  6516 | D:8      | Found a shimmering altar of Xom.
  6643 | D:8      | Reached XP level 10. HP: 88/88 MP: 13/13
  6681 | D:8      | Reached skill level 8 in Fighting
  6681 | D:8      | Reached skill level 5 in Invocations
  6721 | D:8      | Reached ** piety under Beogh
  6910 | D:9      | Found Ufyex's Distillery.
  7049 | D:9      | Got the Monograph on Summoning and Shadows
  7056 | D:9      | Bought a potion of heal wounds for 80 gold pieces
  7056 | D:9      | Bought a potion of heal wounds for 80 gold pieces
  7117 | D:9      | Found a hide-covered altar of Uskayaw.
  7121 | D:9      | Found an ancient bone altar of Kikubaaqudgha.
  7125 | D:9      | Found a white marble altar of Elyvilon.
  7128 | D:9      | Found a shadowy altar of Dithmenos.
  7128 | D:9      | Found a basalt altar of Yredelemnul.
  7131 | D:9      | Found a shimmering blue altar of Sif Muna.
  7148 | D:9      | Found Wonkyuxy's Antique Weapon Shop.
  7256 | D:9      | Noticed a two-headed ogre
  7267 | D:9      | Killed a two-headed ogre
  7427 | D:9      | Found Ashiral's Weapon Emporium.
  7599 | D:9      | Found a snail-covered altar of Cheibriados.
  7743 | D:10     | Entered Level 10 of the Dungeon
  7799 | D:10     | Found a burning altar of Makhleb.
  7892 | D:10     | Reached skill level 9 in Fighting
  7916 | D:10     | Reached XP level 11. HP: 72/97 MP: 16/16
  7916 | D:10     | Noticed a two-headed ogre
  7930 | D:10     | Killed a two-headed ogre
  7991 | D:10     | Reached *** piety under Beogh
  8017 | D:10     | Found a staircase to the Orcish Mines.
  8095 | D:10     | Found an iron altar of Okawaru.
  8128 | D:10     | Found a portal to a secret trove of treasure.
  8143 | D:10     | Found a flagged portal.
  8153 | Bailey   | Entered a bailey
  8196 | Bailey   | Found a large runed translucent door.
  8196 | Bailey   | Found a large runed translucent door.
  8197 | Bailey   | Noticed a deep elf pyromancer
  8198 | Bailey   | Noticed an orc knight
  8214 | Bailey   | Killed an orc knight
  8343 | Bailey   | Killed a deep elf pyromancer
  8751 | D:10     | Found a staircase to the Lair.
  9489 | D:11     | Found Koochul's Magic Scroll Shoppe.
  9492 | D:11     | Bought a scroll of identify for 22 gold pieces
  9492 | D:11     | Bought a scroll of identify for 22 gold pieces
  9492 | D:11     | Bought a scroll of magic mapping for 82 gold pieces
  9492 | D:11     | Bought a scroll of blinking for 82 gold pieces
  9495 | D:11     | Reached skill level 10 in Fighting
  9495 | D:11     | Reached skill level 15 in Axes
  9495 | D:11     | Reached XP level 12. HP: 108/108 MP: 17/19
  9496 | D:11     | Reached skill level 11 in Fighting
  9496 | D:11     | Reached skill level 10 in Armour
  9496 | D:11     | Reached skill level 10 in Shields
  9496 | D:11     | Reached skill level 10 in Invocations
  9496 | D:11     | Reached XP level 13. HP: 116/116 MP: 17/20
  9533 | D:11     | Found Riejegoxt's Jewellery Boutique.
  9578 | D:11     | Found Lyot's General Store.
  9855 | D:11     | Found Uwar's Book Shop.
 10419 | D:12     | Noticed Sonja
 10427 | D:12     | Killed Sonja
 10531 | D:12     | Reached skill level 1 in Dodging
 10550 | D:12     | Reached **** piety under Beogh
 11119 | D:12     | Noticed Nessos
 11125 | D:12     | Killed Nessos
 11389 | D:11     | Bought a potion of curing for 36 gold pieces
 11389 | D:11     | Bought a potion of might for 48 gold pieces
 11408 | Lair:1   | Entered Level 1 of the Lair of Beasts
 11411 | Lair:1   | Noticed Grum
 11416 | Lair:1   | Reached skill level 12 in Fighting
 11420 | Lair:1   | Killed Grum
 11603 | Lair:1   | Reached XP level 14. HP: 117/126 MP: 22/22
 12292 | Lair:2   | Identified the +9 arbalest of Doubt {flame, rElec Str-4
                  | Int+3 SInv}
 12333 | Lair:2   | Gained Orgrim as an ally
 12383 | Lair:2   | Reached ***** piety under Beogh
 13680 | Lair:2   | Identified the +1 robe of Ticown {MP+9 Int+3}
 13883 | D:4      | Bought a +1 cloak for 149 gold pieces
 14438 | Lair:2   | Found a transporter.
 14438 | Lair:2   | Found a transporter.
 15087 | Lair:3   | Reached skill level 13 in Fighting
 15134 | Lair:3   | Found a staircase to the Shoals.
 15365 | Lair:3   | Gained Beowulf as an ally
 16079 | Lair:3   | Found a hole to the Spider Nest.
 16826 | Lair:4   | Found a staircase to the Slime Pits.
 16940 | Lair:4   | You fall into a shaft and drop 1 floor!
 16940 | Lair:5   | Entered Level 5 of the Lair of Beasts
 17066 | Lair:4   | Gained Horkud as an ally
 17108 | Lair:4   | Reached skill level 14 in Fighting
 18677 | Lair:5   | Reached XP level 15. HP: 139/139 MP: 14/24
 18750 | Lair:5   | Gained Gorm as an ally
 19833 | Lair:5   | Found a runed translucent door.
 19849 | Lair:5   | Reached skill level 15 in Fighting
 19854 | Lair:5   | Identified the +7 war axe of Imaic {venom, rF+ Will+ Str+4}
 19938 | Lair:5   | Reached skill level 5 in Dodging
 20682 | D:13     | Found a gate leading to a gauntlet.
 20712 | D:13     | Found a gate to the Vaults.
 20745 | D:13     | Your ally Orgrim died
 21219 | D:13     | Noticed Frances
 21223 | D:13     | Killed Frances
 21492 | D:13     | Noticed Erolcha
 21495 | D:13     | Killed Erolcha
 22063 | D:11     | Bought a manual of Dodging for 880 gold pieces
 22166 | D:14     | Reached skill level 16 in Fighting
 22785 | D:14     | Found Xapnieps's Distillery.
 22792 | D:14     | Bought a potion of curing for 42 gold pieces
 22924 | D:15     | Entered Level 15 of the Dungeon
 23149 | D:15     | Found a staircase to the Depths.
 23350 | D:15     | Reached XP level 16. HP: 152/152 MP: 26/26
 23706 | D:15     | Identified the +6 tower shield "Kaizeig" {MP+9 Stlth+}
 23706 | D:15     | Noticed Louise
 23716 | D:15     | Killed Louise
 23887 | D:15     | Found Weduosass's Assorted Antiques.
 24157 | Orc:1    | Entered Level 1 of the Orcish Mines
 24157 | Orc:1    | Found Rycotut's Antique Weapon Emporium.
 24170 | Orc:1    | Found Maetaninn's Distillery.
 24179 | Orc:1    | Killed Maurice
 24444 | Orc:1    | Found Ceawkidoi's Assorted Antiques.
 24509 | Orc:1    | Bought a potion of attraction for 33 gold pieces
 24590 | Orc:2    | Entered Level 2 of the Orcish Mines
 24594 | Orc:2    | Gained Wulfoc as an ally
 24620 | Orc:2    | Found a staircase to the Elven Halls.
 24659 | Orc:2    | Gained Koronagh as an ally
 24660 | Orc:2    | Found a roughly hewn altar of Beogh.
 24665 | Orc:2    | Your ally Koronagh died
 24667 | Orc:2    | Gained Bogward as an ally
 24670 | Orc:2    | Your ally Bogward died
 25141 | Orc:2    | Found Visan's Jewellery Shop.
 25152 | Orc:2    | Found Yfoet's Antique Weapon Shop.
 25330 | Orc:2    | Found Zafeas Tob's General Store.
 25336 | Orc:2    | Bought a scroll of enchant weapon for 120 gold pieces
 25353 | Orc:2    | Bought an amulet of reflection for 330 gold pieces
 25404 | Orc:2    | Found Qotoqeih's Antique Armour Shop.
 25816 | Orc:1    | Found Hirghudda's Distillery.
 26411 | Spider:1 | Entered Level 1 of the Spider Nest
 26917 | Spider:1 | Gained Garbold as an ally
 26921 | Spider:1 | Reached skill level 17 in Fighting
 27119 | Spider:1 | Gained Hawl as an ally
 28378 | Spider:2 | Gained Ugrim as an ally
 30274 | Spider:2 | Reached ****** piety under Beogh
 31706 | Spider:3 | Reached skill level 18 in Fighting
 31706 | Spider:3 | Reached skill level 15 in Invocations
 32091 | Spider:3 | Reached XP level 17. HP: 142/163 MP: 28/28
 32366 | Spider:4 | Entered Level 4 of the Spider Nest
 32461 | Spider:4 | Gained Milork as an ally
 32463 | Spider:4 | Paralysed by a jorogumo for 1 turns
 32466 | Spider:4 | Gained Boldo as an ally
 33301 | Spider:4 | Identified the +2 hat of the Mind {rF+ Str+2}
 33381 | Spider:4 | Identified the +0 pair of gloves "Kahoaf" {Int+4 Dex+2
                  | SInv}
 33463 | Spider:4 | Got a gossamer rune of Zot
 34529 | Shoals:1 | Entered Level 1 of the Shoals
 34667 | Shoals:1 | Reached skill level 19 in Fighting
 34723 | Shoals:1 | Identified the +4 scale mail of Context {rElec rPois rC-
                  | Will+++}
 34768 | Shoals:1 | Noticed Jorgrun
 34770 | Shoals:1 | Noticed Mlioglotl
 34773 | Shoals:1 | Killed Jorgrun
 34777 | Shoals:1 | Killed Mlioglotl
 35565 | Shoals:2 | Reached skill level 10 in Dodging
 35696 | Shoals:2 | Identified Roxanne's Spellbook of Topomancy
 35696 | Shoals:2 | Noticed Roxanne
 35711 | Shoals:2 | Killed Roxanne
 37761 | Shoals:3 | Reached XP level 18. HP: 177/177 MP: 30/30
 38062 | Shoals:4 | Entered Level 4 of the Shoals
 38080 | Shoals:4 | Your ally Wulfoc died
 38591 | Shoals:4 | Reached skill level 20 in Fighting
 38593 | Shoals:4 | Reached skill level 15 in Armour
 38618 | Shoals:4 | Reached skill level 15 in Shields
 38870 | Shoals:4 | Got a barnacled rune of Zot
 39245 | Shoals:4 | Got Roiphovi's Thoughts on Ouranomancy
 39286 | Shoals:4 | Identified the +7 mace of Vecraoti {speed, Str+3} (You took
                  | it off a merfolk siren on level 4 of the Shoals)
 40097 | Vaults:1 | Entered Level 1 of the Vaults
 40522 | Vaults:1 | Found Dedavoetsa's Book Emporium.
 40664 | Vaults:1 | Identified the +7 flail "Yderudeh" {freeze, rC+ Will+}
 41400 | Vaults:1 | Found a large runed translucent door.
 41400 | Vaults:1 | Found a large runed translucent door.
 41401 | Vaults:1 | Noticed Luiw's ghost (veteran HOBe)
 41425 | Vaults:1 | Killed Luiw's ghost
 41581 | Vaults:1 | Noticed Zenata
 41588 | Vaults:1 | Your ally Horkud died
 41589 | Vaults:1 | Your ally Gorm died
 41591 | Vaults:1 | Your ally Ugrim died
 41592 | Abyss:2  | Cast into level 2 of the Abyss (+1 scimitar of distortion)
 41905 | Abyss:2  | Found a corrupted altar of Lugonu.
 41939 | Abyss:2  | Found a corrupted altar of Lugonu.
 42003 | Abyss:2  | Reached skill level 21 in Fighting
 42129 | Abyss:2  | Gained mutation: You are vulnerable to cold. (rC-) [a
                  | neqoxec]
 42136 | Abyss:2  | Gained mutation: You expend magic power (3 MP) to
                  | strengthen your wands. [a neqoxec]
 42344 | Abyss:2  | Reached XP level 19. HP: 189/189 MP: 31/31
 42391 | Abyss:2  | Noticed a profane servitor
 42427 | Abyss:2  | Killed a profane servitor
 42445 | Vaults:1 | Escaped the Abyss
 42446 | Vaults:1 | HP: 5/187 [stone giant/large rock (32)]
 42451 | Vaults:1 | Your ally Beowulf died
 42458 | Vaults:1 | Killed Zenata
 43018 | Vaults:1 | Identified a scroll of acquirement
 43175 | Vaults:1 | Acquired 831 gold pieces
 44075 | Vaults:2 | Your ally Milork died
 44406 | Vaults:2 | Found Afapubas's Distillery.
 44511 | Vaults:2 | Bought a potion of curing for 39 gold pieces
 44511 | Vaults:2 | Bought a potion of curing for 39 gold pieces
 44511 | Vaults:2 | Bought a potion of heal wounds for 65 gold pieces
 44511 | Vaults:2 | Bought a potion of heal wounds for 65 gold pieces
 44511 | Vaults:2 | Bought 2 potions of curing for 78 gold pieces
 44778 | Vaults:2 | Found Evvi's Weapon Boutique.
 45478 | Vaults:3 | Noticed Mennas
 45481 | Vaults:3 | Your ally Garbold died
 45515 | Vaults:3 | Killed Mennas
 46128 | Vaults:3 | Identified the +8 scimitar of Userph {antimagic, Fly rC+
                  | Dex-2}
 46569 | Vaults:3 | Your ally Boldo died
 46699 | Vaults:3 | Reached XP level 20. HP: 199/199 MP: 33/33
 46938 | Vaults:3 | Paralysed by a great orb of eyes for 3 turns
 47070 | Vaults:3 | Identified the +7 long sword of Inference {holy, rF+ rC+
                  | Dex+3}
 47145 | Vaults:3 | Found a staircase to the Crypt.
 47676 | Vaults:4 | Gained Wargrak as an ally
 47865 | Vaults:4 | Identified the +7 quarterstaff "Isoelec" {pain, rN++}
 48003 | Vaults:4 | Reached skill level 22 in Fighting
 49070 | Vaults:4 | Identified the +3 chain mail "Lisuonox" {Rampage Int+2}
 49337 | Elf:1    | Entered Level 1 of the Elven Halls
 49484 | Elf:1    | Noticed Donald
 49489 | Elf:1    | Killed Donald
 49505 | Elf:1    | Paralysed by an air elemental for 1 turns
 50123 | Elf:1    | Found Puemub's Antique Armour Shoppe.
 50285 | Elf:1    | Got Asmodeus's Grimoire of Combat Magic
 50727 | Abyss:2  | Noticed a bone dragon
 50727 | Abyss:2  | Cast into level 2 of the Abyss (a deep elf sorcerer)
 50747 | Abyss:2  | Killed a bone dragon
 50794 | Abyss:2  | Found a shimmering altar of Xom.
 50894 | Abyss:2  | Noticed a bone dragon
 50918 | Abyss:2  | Killed a bone dragon
 50919 | Abyss:2  | Reached XP level 21. HP: 195/209 MP: 34/34
 51010 | Abyss:2  | Found a corrupted altar of Lugonu.
 51304 | Abyss:2  | Noticed a bone dragon
 51323 | Abyss:2  | Killed a bone dragon
 51395 | Abyss:2  | Lost mutation: You are vulnerable to cold. (rC-) [a
                  | neqoxec]
 51422 | Elf:2    | Escaped the Abyss
 51747 | Elf:2    | Found Plog's Weapon Boutique.
 51822 | Elf:2    | Found a runed translucent gate.
 51831 | Elf:2    | Found a runed translucent gate.
 51831 | Elf:2    | Found a runed translucent gate.
 52487 | Elf:3    | Entered Level 3 of the Elven Halls
 52487 | Elf:3    | Found Ques's One-of-a-Kind Books.
 52620 | Elf:3    | Found Ovog's Antique Armour Shop.
 52884 | Elf:3    | Found the +18 Lear's hauberk
 52892 | Elf:3    | Identified the +2 scale mail of Valour {Harm rC+}
 53163 | Elf:3    | Your ally Wargrak died
 53166 | Elf:3    | Your ally Horkud died
 53180 | Elf:3    | Identified the +5 glaive "Kaump" {drain, Will- Str+5}
 53182 | Elf:3    | Got the Octavo of Panentheism
 53664 | Elf:3    | Got the Disquisition on the Called Tundra
 53670 | Elf:3    | Identified the +9 great sword of Focus {heavy, Drain rF+
                  | rN+ Dex+3}
 53681 | Elf:3    | Identified the +0 scale mail of the Baker {rC+ Int+3
                  | Slay+3}
 53691 | Elf:3    | Identified the +9 short sword of the Eternal Void {flame,
                  | Fly rElec rF- rN+}
 53745 | Elf:3    | Identified the +10 plate armour "Alieshra" {+Inv rCorr
                  | Stlth-}
 53815 | Elf:3    | Got the Monograph on Conduction
 53819 | Elf:3    | Identified the +2 ring mail of Least Resistance {Rampage
                  | Fly rF- Will+}
 54258 | Depths:1 | Entered Level 1 of the Depths
 54355 | Depths:1 | Found a shimmering blue altar of Sif Muna.
 54381 | Depths:1 | Found Guyvups's Book Shoppe.
 54394 | Depths:1 | Found Varu's Jewellery Boutique.
 54395 | Depths:1 | Found Miets's Book Shoppe.
 54605 | Orc:2    | Bought a +6 ring of strength for 396 gold pieces
 54892 | Depths:1 | Reached skill level 23 in Fighting
 55073 | Depths:1 | Found a runed translucent door.
 55525 | Depths:1 | Found a gateway to Hell.
 55642 | Depths:1 | Identified the ring "Nuirphymn" {Ice rElec SInv}
 55915 | Depths:1 | Identified the +9 spear of Fortitude {speed, rElec rPois
                  | rN+ Dex+2}
 55927 | Depths:1 | Got the Annotations on the Wyrd
 56712 | Depths:2 | Found a one-way gateway to a ziggurat.
 56884 | Depths:2 | Reached XP level 22. HP: 220/220 MP: 36/36
 57188 | Depths:2 | Your ally Hawl died
 57529 | Depths:2 | Found a one-way gate leading to the halls of Pandemonium.
 58319 | Depths:3 | Found a one-way gate to the infinite horrors of the Abyss.
 58527 | Depths:3 | Found a sparkling altar of Nemelex Xobeh.
 58543 | Depths:3 | Found Taezoddic's Antique Armour Emporium.
 58550 | Depths:3 | Found Haetwi Namuo's Assorted Antiques.
 58556 | Depths:3 | Bought a scroll of fog for 160 gold pieces
 58556 | Depths:3 | Bought a wand of flame (7) for 196 gold pieces
 58556 | Depths:3 | Bought a scroll of fear for 160 gold pieces
 58556 | Depths:3 | Bought a scroll of blinking for 300 gold pieces
 58619 | Depths:3 | Found Taad Moh's Distillery.
 58624 | Depths:3 | Bought a potion of mutation for 128 gold pieces
 58624 | Depths:3 | Bought 2 potions of curing for 96 gold pieces
 58624 | Depths:3 | Bought a potion of curing for 48 gold pieces
 58624 | Depths:3 | Bought a potion of invisibility for 128 gold pieces
 58624 | Depths:3 | Bought a potion of heal wounds for 80 gold pieces
 58624 | Depths:3 | Bought a potion of invisibility for 128 gold pieces
 58624 | Depths:3 | Bought a potion of haste for 160 gold pieces
 58624 | Depths:3 | Lost mutation: You expend magic power (3 MP) to strengthen
                  | your wands. [potion of mutation]
 58624 | Depths:3 | Gained mutation: You are resistant to electric shocks.
                  | (rElec) [potion of mutation]
 58624 | Depths:3 | Gained mutation: You are partially covered in large bone
                  | plates. (SH +4) [potion of mutation]
 58919 | Depths:3 | You fall into a shaft and drop 1 floor!
 58919 | Depths:4 | Entered Level 4 of the Depths
 58982 | Depths:4 | Noticed a golden dragon
 59036 | Depths:4 | Killed a golden dragon
 59171 | Depths:4 | Upgraded the game from 0.30-a0-847-g17996783a1 to
                  | 0.30-a0-852-g08b95dd62f
 59502 | Depths:4 | Found a shadowy altar of Dithmenos.
 59581 | Depths:4 | Your ally Wargrak died
 59591 | Depths:4 | Reached skill level 24 in Fighting
 59885 | Depths:4 | Noticed a golden dragon
 59901 | Depths:4 | Killed a golden dragon
 59946 | Depths:4 | Gained Gorbash as an ally
 60810 | Depths:3 | Reached XP level 23. HP: 193/210 MP: 37/37
 60810 | Depths:3 | Gained Herok as an ally
 61591 | Depths:3 | Gained Warrok as an ally
 61855 | Depths:3 | Noticed a royal mummy
 61856 | Depths:3 | Your ally Gorbash died
 61860 | Depths:3 | Your ally Herok died
 61861 | Depths:3 | Killed a royal mummy
 61868 | Depths:3 | Your ally Warrok died
 62356 | Depths:3 | HP: 4/202 [spectral juggernaut (7)]
 62356 | Depths:3 | Demolished by a sun demon

Illustrated notes

Levels and vault maps discovered:
D:1:      dpeg_arrival_refuge, layout_basic
D:2:      layout_basic, serial_shops, shop, uniq_crazy_yiuf_cottage
D:3:      gammafunk_steamed_eel, layout_rooms, mainiacjoe_overflow_alcove_2
D:4:      layout_loops_ring, mainiacjoe_overflow_24_doors,
          kennysheep_cross_room, nicolae_take_the_stairs, hangedman_glass_teeth
D:5:      layout_cave_pools, fedhas_ov_isle_minmay,
          nicolae_overflow_hidden_temple, serial_shops,
          nicolae_shop_overgrown_old_shop, nicolae_stop_n_shop_1,
          nicolae_square_shop, minmay_fractal_squares_diagonal_5, uniq_duvessa,
          uniq_ijyb
D:6:      layout_layer_cave, water_boxes_lemuel, uniq_menkaure
D:7:      layout_loops_cross, nzn_hepliaklqana_mist_gate,
          minmay_temple_entry_large_hall, grunt_ministairs_9,
          serial_bayou_pond_a, the_hattery
D:8:      hangedman_cross_veins, layout_rooms, nicolae_overflow_crystal_walls
D:9:      layout_irregular_city, mainiacjoe_overflow_chevrons, minitemple,
          serial_shops, shop, nicolae_stop_n_shop_2, nicolae_stop_n_shop_1,
          minivault_26
D:10:     layout_rooms, mainiacjoe_overflow_boulevard, bloody_makhleb,
          erik_orc_1, nicolae_trove_entry_free_sample, enter_bailey_2
D:11:     layout_stronghold, serial_shops, shop, shop, kennysheep_mini_moat,
          nicolae_shop_hallway_plus, kennysheep_generic_room_10
D:12:     layout_stronghold, serial_column_ruins, column_ruins_open_medium,
          column_ruins_open_tiny, column_ruins_grid_4,
          column_ruins_corridor_straight, column_ruins_grid_1,
          column_ruins_open_small, uniq_sonja, uniq_nessos
D:13:     layout_irregular_city, lightli_vaults_fourway_checkpoint,
          gauntlet_entry_generic, nicolae_elevator_lobby_asterisk, uniq_frances,
          uniq_erolcha
D:14:     minmay_distorted_concentric_squares, layout_cave_pools, serial_shops,
          kennysheep_mini
D:15:     hangedman_depths_entry_civil_slaughter, layout_basic,
          corexii_hall_statues_i, serial_shops, nicolae_shop_behind_doors,
          uniq_louise
Lair:1:   layout_roguey, minmay_stone_trees_small, infiniplex_staircase_pool,
          uniq_grum
Lair:2:   gammafunk_boulding_lane, layout_hall_layers,
          grunt_forest_large_clearings
Lair:3:   layout_regular_city, elwin_shoals_entry_rocks, spider_nest_entry_a,
          ldierk_geyser
Lair:4:   layout_cellular_growth, slime_entry_1
Lair:5:   guppyfry_lair_end_dragon, layout_gridlike, wormcave,
          serial_bayou_pond_b, nicolae_quartered_pool_medium,
          chequers_serial_rivers_large_a
Shoals:1: layout_shoals, uniq_mlioglotl, uniq_jorgrun
Shoals:2: layout_shoals, uniq_roxanne
Shoals:3: layout_shoals
Shoals:4: shoals_end_simple, layout_shoals
Spider:1: layout_spider_delve, hellmonk_test_site
Spider:2: layout_cave_pods
Spider:3: layout_spider_delve
Spider:4: guppyfry_spider_rune, hellmonk_deceptive_appearances
Orc:1:    layout_diamond_mine, serial_shops, shop, shop,
          nicolae_shop_hallway_stairs, nicolae_square_shop,
          nicolae_orc_rich_vein, uniq_maurice
Orc:2:    grunt_orc_cross, layout_diamond_mine
Elf:1:    eino_elf_arrival_customs, layout_geoelf_octagon, serial_shops, shop,
          minmay_elf_annihilation, uniq_donald
Elf:2:    elven_hall_of_blades_hangedman_original
          [nicolae_blade_entry_area_security], layout_onion_city, serial_shops,
          nicolae_square_shop, lemuel_upstairs_altar
Elf:3:    minmay_elf_hall_dome, layout_rooms, serial_shops, shop,
          nicolae_rare_books
Vaults:1: ebering_ghost_disaster_area, v_misc_22, ontoclasm_vaults_spin,
          ontoclasm_vaults_gateway, nicolae_vaults_diagonal_hallway_7,
          v_misc_12, st_lines, grunt_vaults_focal, vaults_room_grid,
          layout_vaults_quadrants, serial_shops,
          nicolae_shop_temple_entry_statues_fountains, uniq_zenata
Vaults:2: v_misc_8, vaults_dpeg_hooks, v_rooms_2, nicolae_vaults_back_hallway,
          v_misc_9, vaults_standard_mumra_lines, dpeg_vaults_monster_box,
          v_misc_24, layout_vaults_omnicross, serial_shops, shop
Vaults:3: nicolae_vaults_little_squares_2, vaults_dpeg_ring, v_alt_pattern_6,
          minmay_crypt_entry_skeletal_spiral, v_misc_27, v_misc_22,
          ontoclasm_vaults_shuriken, ontoclasm_vaults_decontamination,
          vaults_room_semicircle, grunt_vaults_diagonal,
          nicolae_vaults_little_squares_1, v_misc_8,
          nicolae_vaults_border_crossing, hangedman_vaults_slither,
          layout_vaults_maze, uniq_mennas
Vaults:4: v_misc_17, v_misc_19, nicolae_vaults_shelves_hall,
          ontoclasm_vaults_ring_square, v_pattern_2, v_misc_13,
          hangedman_vaults_locks, v_misc_22, grunt_vaults_funnel,
          nicolae_vaults_display_case, v_misc_10, layout_vaults_ring
Depths:1: layout_long_grid, lightli_too_deep, led_sif_pool, minmay_crystal_box,
          minmay_shop_grove, serial_bayou_shore_a
Depths:2: grunt_house_of_mirrors, layout_gridlike, enter_ziggurat_c, hell_entry,
          rand_demon_pan_entry_4, infiniplex_staircase_squiggle
Depths:3: lemuel_minitomb, layout_gridlike, hangedman_abyss_entry_splay,
          pf_dread_powers_of_hell, nemelex_diamond_rough_becter, serial_shops,
          shop_fountains, evilmike_spriggan_trog_shrine, minmay_shoptagon
Depths:4: grunt_zot_entry_gee_three, layout_cave_shapes,
          serial_co_window_serial, co_window_corner_a, co_window_corner_a,
          co_window_paths_a, co_window_corner_a, co_window_cross_1,
          co_window_of_opportunity_a, co_window_of_opportunity_b,
          co_window_unsneaky_path_a, co_window_2corner, glass_columns_a,
          glass_columns_a, glass_columns_a, glass_columns_a, glass_columns_a,
          nicolae_dithmenos_through_a_glass_darkly, hell_entry

Skill      XL: |  1  2  3  4  5  6  7  8  9 10 11 12 13 14 15 16 17 18 19 20 21 22 |
---------------+-------------------------------------------------------------------+-----
Axes           | 3 4 5 6 7 9 11 13 15 16 17 18 | 18.0
Fighting       | 4 5 6 7 9 10 11 12 14 16 18 19 21 22 23 24 | 24.3
Armour         | 4 5 6 7 8 9 10 11 12 13 14 15 16 17 18 19 | 19.0
Shields        | 4 5 6 7 8 9 10 11 13 14 15 16 17 18 19 | 19.1
Invocations    | 2 4 6 9 10 12 13 15 16 17 18 19 20 21 | 21.4
Dodging        | 2 4 6 8 10 11 12 13 14 | 14.7

Action                     |  1- 3 |  4- 6 |  7- 9 | 10-12 | 13-15 | 16-18 | 19-21 | 22-24 || total
---------------------------+-------+-------+-------+-------+-------+-------+-------+-------++-------
  Melee: War axe           |   124 |   134 |   220 |   190 |   589 |   908 |    95 |       ||  2260
         Broad axe         |       |       |       |       |       |       |  1019 |   585 ||  1604
  Throw: Stone             |     8 |       |       |       |       |       |       |       ||     8
         Dart              |       |     4 |    12 |       |     1 |       |    13 |    16 ||    46
         Boomerang         |       |       |    61 |    54 |    78 |   133 |    37 |       ||   363
         Javelin           |       |       |       |       |       |       |    13 |       ||    13
 Invoke: Convert to Beogh  |       |       |     1 |       |       |       |       |       ||     1
         Smiting           |       |       |       |       |    21 |    19 |     9 |    10 ||    59
         Recall Orcish Fol |       |       |       |       |    11 |    15 |    16 |     5 ||    47
         Give Item to Name |       |       |       |       |     4 |     6 |     1 |     3 ||    14
         Resurrection      |       |       |       |       |       |       |     2 |       ||     2
  Evoke: Wand              |       |       |       |       |       |       |     3 |       ||     3
    Use: Scroll            |       |       |     9 |     5 |    17 |     6 |    10 |     2 ||    49
         Potion            |       |       |       |     8 |    12 |     9 |    23 |     5 ||    57
   Stab: Distracted        |       |       |       |       |    13 |    10 |     7 |     7 ||    37
         Paralysed         |       |       |       |       |       |     3 |       |       ||     3
         Held in net/web   |       |       |       |       |       |     1 |       |       ||     1
         Invisible         |       |       |       |       |       |       |     2 |       ||     2
 Armour: Scale mail        |    55 |     5 |       |       |       |       |       |       ||    60
         Chain mail        |       |    94 |    60 |       |       |       |       |       ||   154
         Plate armour      |       |       |    93 |   100 |   464 |   357 |   376 |   165 ||  1555
  Dodge: Dodged            |    56 |    60 |    68 |    42 |   179 |   180 |   291 |   144 ||  1020
  Block: Buckler           |    26 |    32 |    59 |     6 |       |       |       |       ||   123
         Kite shield       |       |       |       |    67 |   376 |    22 |       |       ||   465
         Tower shield      |       |       |       |       |       |  1202 |  1435 |   758 ||  3395
         Reflection        |       |       |       |       |       |    38 |    62 |    10 ||   110

Table legend: (Time is in decaauts)
 A = Elapsed time spent in this place.
 B = Non-inter-level travel time spent in this place.
 C = Inter-level travel time spent in this place.
 D = Time resting spent in this place.
 E = Time spent auto-exploring this place.
 F = Levels seen in this place.
 G = Mean time per level.
                   A        B        C        D        E       F      G
               +--------+--------+--------+--------+--------+-----+--------+
         Total |  62364 |  55265 |   7099 |  16403 |  29523 |  44 | 1417.4 |
       Dungeon |  18087 |  14945 |   3142 |   3156 |   8994 |  15 | 1205.8 |
          Lair |   8649 |   7149 |   1500 |   2431 |   3658 |   5 | 1729.8 |
        Shoals |   5473 |   5108 |    365 |   1028 |   3337 |   4 | 1368.2 |
   Spider Nest |   6871 |   6551 |    320 |   2557 |   3197 |   4 | 1717.8 |
  Orcish Mines |   2215 |   1785 |    430 |    626 |    877 |   2 | 1107.5 |
   Elven Halls |   3916 |   3768 |    148 |   1385 |   1686 |   3 | 1305.3 |
        Vaults |   8208 |   7555 |    653 |   2372 |   4186 |   4 | 2052.0 |
        Depths |   7050 |   6510 |    540 |   2189 |   3092 |   4 | 1762.5 |
         Abyss |   1526 |   1526 |      0 |    558 |    342 |   2 |  763.0 |
        Bailey |    366 |    366 |      0 |    100 |    152 |   1 |  366.0 |
               +--------+--------+--------+--------+--------+-----+--------+

Top non-repeatable levels by time:
Vaults:1: 2789 daAuts
Depths:1: 2378 daAuts
Spider:1: 2336 daAuts
Vaults:3: 2129 daAuts
  Lair:5: 2113 daAuts
Depths:2: 1923 daAuts
Shoals:4: 1878 daAuts
    D:11: 1850 daAuts
Vaults:2: 1824 daAuts
  Lair:3: 1814 daAuts
Depths:3: 1746 daAuts
    D:12: 1713 daAuts
  Lair:1: 1703 daAuts
Shoals:2: 1691 daAuts
    D:13: 1683 daAuts
